 Dungeon Crawl Stone Soup version 0.29.1-12-g30fa7ad0bf (webtiles) character file.

Game seed: 4560527797477582456

2936 wingedge the Placeless Meteoran (level 10, -1/84 HPs)
             Began as a Meteoran Warper on Dec 21, 2022.
             Was a Believer of Makhleb.
             Slain by a meliai zombie (4 damage)
             ... on level 8 of the Dungeon.
             The game lasted 00:32:47 (4063 turns).

wingedge the Placeless Meteoran (Meteoran Warper)   Turns: 4063, Time: 00:32:48

Health: -1/84      AC: 11    Str: 15    XL:     10   Next: 28%
Magic:  18/24      EV: 12    Int: 17    God:    Makhleb [**....]
Gold:   289        SH:  0    Dex: 14    Spells: 2/15 levels left

rFire   . . .      SeeInvis .   C - +4 flail
rCold   . . .      Faith    .   (no shield)
rNeg    . . .      Spirit   .   g - +0 ring mail
rPois   .          Reflect  .   (no helmet)
rElec   .          Harm     .   G - +0 cloak
rCorr   .          Rampage  .   (no gloves)
Will    +....                   (no boots)
Stlth   +.........              (no amulet)
HPRegen 0.24/turn               n - +4 ring of protection
MPRegen 0.19/turn               p - ring of magical power

@: glowing, studying Polearms
A: sense surroundings 2, otherworldly, glowing, explore regen
a: Renounce Religion, Minor Destruction


You were on level 8 of the Dungeon.
You worshipped Makhleb.
Makhleb was pleased with you.
You visited 2 branches of the dungeon, and saw 10 of its levels.

You collected 289 gold pieces.

Inventory:

Hand Weapons
 a - a +0 mace
 h - a +0 shortbow
 j - a +1 dagger of venom
 x - a +0 halberd
 y - a +0 spear
 z - a +3 mace
 C - a +4 flail (weapon)
 I - a +2 hand axe of flaming
Armour
 b - a +0 leather armour
 g - a +0 ring mail (worn)
 G - a +0 cloak (worn)
Jewellery
 n - a +4 ring of protection (left hand)
 p - a ring of magical power (right hand)
Scrolls
 c - 2 scrolls of blinking
 f - 2 scrolls of immolation
 o - 2 scrolls of magic mapping
 t - 5 scrolls of teleportation
 B - a scroll of enchant weapon {unknown}
 E - a scroll of enchant armour {unknown}
 F - a scroll of brand weapon {unknown}
 H - a scroll of silence {unknown}
 K - 2 scrolls of summoning {unknown}
 L - a scroll of fog {unknown}
 N - a scroll of fear {unknown}
Potions
 i - a potion of cancellation {unknown}
 k - 2 potions of attraction {unknown}
 l - 3 potions of lignification
 m - a potion of degeneration {unknown}
 r - 2 potions of brilliance
 s - a potion of might {unknown}
 u - a potion of mutation {unknown}
 v - 2 potions of haste {unknown}
 A - a potion of berserk rage {unknown}
 J - a potion of resistance {unknown}


   Skills:
 + Level 6.5 Fighting
 + Level 8.2 Maces & Flails
 - Level 2.3 Polearms
 - Level 1.2 Throwing
 - Level 5.0 Armour
 - Level 5.0 Dodging
 - Level 3.0 Spellcasting
 + Level 9.8 Translocations
 - Level 5.0 Invocations


You had 2 spell levels left.
You knew the following spells:

 Your Spells              Type           Power      Damage    Failure   Level
a - Blink                 Tloc           70%        N/A       1%          2
b - Gell's Gravitas       Tloc           35%        N/A       1%          3
c - Lesser Beckoning      Tloc           35%        N/A       1%          3
d - Manifold Assault      Tloc           35%        N/A       16%         5

Your spell library contained the following spells:

 Spells                   Type           Power      Damage    Failure   Level
 Summon Small Mammal      Summ           8%         N/A       32%         1
 Sublimation of Blood     Necr           2%         N/A       43%         2
 Teleport Other           Tloc           35%        N/A       1%          3
 Call Canine Familiar     Summ           2%         N/A       67%         3
 Dazzling Flash           Conj/Hex       4%         N/A       67%         3
 Ozocubu's Armour         Ice            2%         N/A       67%         3
 Summon Guardian Golem    Hex/Summ       2%         N/A       67%         3
 Petrify                  Tmut/Erth      2%         N/A       97%         4
 Agony                    Necr           2%         N/A       100%        5
 Irradiate                Conj/Tmut      1%         3d12      100%        5
 Silence                  Hex/Air        1%         N/A       100%        5
 Ozocubu's Refrigeration  Ice            1%         4d7       100%        7


Dungeon Overview and Level Annotations

Branches:
Dungeon (9/15) Zot: 1266   Temple (1/1) D:5 Zot: 583
   Lair: D:8-11         Orc: D:9-12

Altars:
Cheibriados
Dithmenos
Fedhas
Hepliaklqana
Makhleb
Nemelex Xobeh
Ru
Sif Muna
Trog
Wu Jian
Xom
Yredelemnul

Shops:
D:3 (

Annotations:
D:7 3 runed translucent doors, javelincjr's ghost, novice DjCj


Innate Abilities, Weirdness & Mutations

You passively map the area around you.
You are easily found by Zot.
You glow in the dark.
You regain HP and MP as you explore.


Message History

The hellwing is severely wounded.
You feel less invigorated.
You feel less confused. The hellwing hits you.
* * * LOW HITPOINT WARNING * * *
The hellwing hits you.
* * * LOW HITPOINT WARNING * * *
Throw: 4 boomerangs (disperse)
Press: ? - help, Q - select action, (/) - cycle Shift-Dir - straight line, f/p - hellwing
Aim: a hellwing (severely wounded, 62% to hit)
You throw a boomerang of dispersal.
The boomerang of dispersal barely misses the hellwing.
The hellwing barely misses you.
The hellwing hits you but does no damage.
Throw: 3 boomerangs (disperse)
Press: ? - help, Q - select action, (/) - cycle Shift-Dir - straight line, f/p - hellwing
Aim: a hellwing (severely wounded, 62% to hit)
You throw a boomerang of dispersal.
The boomerang of dispersal hits the hellwing but does no damage.
The hellwing is severely wounded.
The hellwing hits you.
* * * LOW HITPOINT WARNING * * *
The hellwing hits you.
* * * LOW HITPOINT WARNING * * *
Throw: 2 boomerangs (disperse)
Press: ? - help, Q - select action, (/) - cycle Shift-Dir - straight line, f/p - hellwing
Aim: a hellwing (severely wounded, 62% to hit)
You throw a boomerang of dispersal.
The boomerang of dispersal barely misses the hellwing.
The hellwing hits you but does no damage. x2
Throw: boomerang (disperse)
Press: ? - help, Q - select action, (/) - cycle Shift-Dir - straight line, f/p - hellwing
Aim: a hellwing (severely wounded, 62% to hit)
You throw a boomerang of dispersal.
The boomerang of dispersal hits the hellwing.
The hellwing blinks!
The hellwing is severely wounded.
You climb upwards.
The meliai zombie closely misses you. The meliai zombie hits you.
You die...

,..## * ...... #......
#...... *
...#..##....8.. ,,
....#....8....P , #
,#..#....?8.... ..
#......Z..8..., ,,,
...##..#.....##. ,
.......#.....#... * *
,#..@4.Z....#
#..ZZ.....## * ,
#.........# *#..
*#..##.........# ###..
#...##....##.[####...#
#....(.....##........
#..........###..##..# #
#####......##....##.###
#........##..........


You could see a hellwing, 2 centaur warrior zombies, a meliai zombie and a
centaur warrior skeleton.

Vanquished Creatures
  A two-headed ogre (D:8)
  Prince Ribbit (D:7)
  A water moccasin (D:6)
  3 ogres (D:6)
  2 centaurs
  A phantom (D:5)
  3 bullfrogs
  3 kobold brigands
  6 scorpions
  2 jellies (D:5)
  Crazy Yiuf (D:7)
  2 hounds
  Ijyb (D:3)
  4 iguanas
  Natasha (D:3)
  3 orc wizards
  A boggart skeleton (D:8)
  Robin (D:4)
  14 gnolls
  6 adders
  5 shadow imps
  A white imp (D:7)
  4 worms
  4 dart slugs
  23 orcs
  7 ball pythons
  6 endoplasms
  3 giant cockroaches
  16 goblins
  10 hobgoblins
  3 jackals (D:3)
  3 quokkas
  2 bats
  A frilled lizard (D:2)
  19 kobolds
  3 rats
167 creatures vanquished.

Vanquished Creatures (others)
  2 fungi (D:1)
  5 plants
7 creatures vanquished.

Grand Total: 174 creatures vanquished

Notes
Turn   | Place    | Note
-------+----------+-------------------------------------------
     0 | D:1      | wingedge the Meteoran Warper began the quest for the Orb.
     0 | D:1      | Reached XP level 1. HP: 17/17 MP: 5/5
   272 | D:1      | Reached XP level 2. HP: 24/24 MP: 6/6
   346 | D:1      | Reached skill level 4 in Translocations
   448 | D:1      | Found a faded altar of an unknown god.
   461 | D:1      | Learned a level 2 spell: Blink
   490 | D:1      | Glimpsed the power of Zot.
   539 | D:2      | Reached XP level 3. HP: 28/30 MP: 8/8
   793 | D:2      | Reached XP level 4. HP: 29/38 MP: 9/9
  1137 | D:3      | Found a sparkling altar of Nemelex Xobeh.
  1238 | D:3      | Learned a level 3 spell: Gell's Gravitas
  1274 | D:3      | Reached skill level 5 in Translocations
  1473 | D:3      | Found Vuseul's Antique Weapon Emporium.
  1536 | D:3      | Reached XP level 5. HP: 31/45 MP: 10/10
  1615 | D:3      | Noticed Ijyb
  1616 | D:3      | Noticed Natasha
  1637 | D:3      | Killed Natasha
  1650 | D:3      | Killed Ijyb
  1651 | D:3      | Reached skill level 6 in Translocations
  1664 | D:3      | Glimpsed the power of Zot.
  1682 | D:3      | Reached XP level 6. HP: 33/51 MP: 11/11
  1751 | D:4      | Learned a level 3 spell: Lesser Beckoning
  1763 | D:4      | Found a shadowy altar of Dithmenos.
  1812 | D:4      | Noticed Robin
  1815 | D:4      | Killed Robin
  1893 | D:4      | Reached skill level 7 in Translocations
  1925 | D:4      | Reached skill level 5 in Maces & Flails
  1925 | D:4      | Reached XP level 7. HP: 10/57 MP: 12/12
  2140 | D:5      | Entered Level 5 of the Dungeon
  2206 | D:5      | Reached skill level 1 in Polearms
  2228 | D:5      | Found a blossoming altar of Fedhas.
  2404 | D:5      | Found a staircase to the Ecumenical Temple.
  2419 | Temple   | Entered the Ecumenical Temple
  2427 | Temple   | Became a worshipper of Makhleb the Destroyer
  2447 | D:5      | Reached XP level 8. HP: 64/66 MP: 13/13
  2823 | D:6      | Reached skill level 1 in Invocations
  2891 | D:6      | Gained mutation: You passively map the area around you.
                  | [Meteoran growth]
  2891 | D:6      | Reached XP level 9. HP: 72/72 MP: 14/14
  2900 | D:6      | Found an ornate altar of the Wu Jian Council.
  2957 | D:6      | Found a bloodstained altar of Trog.
  2970 | D:6      | Reached skill level 8 in Translocations
  2978 | D:6      | Reached skill level 5 in Dodging
  2981 | D:6      | Reached skill level 5 in Fighting
  3049 | D:6      | Learned a level 5 spell: Manifold Assault
  3333 | D:7      | Noticed javelincjr's ghost (novice DjCj)
  3333 | D:7      | Found a runed translucent gate.
  3333 | D:7      | Found a runed translucent gate.
  3333 | D:7      | Found a runed translucent gate.
  3403 | D:7      | Noticed Prince Ribbit
  3433 | D:7      | Killed Prince Ribbit
  3476 | D:7      | Found a runed translucent door.
  3477 | D:7      | Noticed Crazy Yiuf
  3487 | D:7      | Killed Crazy Yiuf
  3529 | D:7      | Reached * piety under Makhleb
  3550 | D:7      | HP: 1/74 [bullfrog (6)]
  3782 | D:7      | Reached skill level 5 in Armour
  3797 | D:7      | Found a shimmering altar of Xom.
  3956 | D:8      | Noticed a two-headed ogre
  3968 | D:8      | Killed a two-headed ogre
  3969 | D:8      | Reached skill level 9 in Translocations
  3969 | D:8      | Reached skill level 5 in Invocations
  3969 | D:8      | Reached XP level 10. HP: 39/84 MP: 3/15
  4016 | D:8      | Noticed a hellwing
  4017 | D:8      | Noticed a hellwing
  4026 | D:8      | Reached ** piety under Makhleb
  4059 | D:9      | HP: 2/84 [hellwing (6)]
  4063 | D:8      | Slain by a meliai zombie

Illustrated notes

Levels and vault maps discovered:
D:1:      dpeg_arrival_houses_and_road, layout_basic,
          shapermc_ecumenical_altar_mp_urbaneastern
D:2:      minmay_door_path, layout_rooms
D:3:      layout_loops_ring, nemelex_diamond_rough_becter, serial_shops,
          nicolae_shop_behind_doors, uniq_natasha, uniq_ijyb
D:4:      layout_basic, nicolae_dithmenos_the_darkroom, skrybe_limestone_x,
          minmay_manual_mail, uniq_robin, uniq_sigmund
D:5:      cheibrodos_two_vegetables, layout_loops_ring, general_overflow_altar,
          temple_statues, corexii_item_surrounded_by_moat,
          kennysheep_small_spiral
D:6:      layout_layer_cave, lemuel_crystal_altar, nicolae_uskayaw_suspiria,
          trog_antimagical
D:7:      layout_rooms, brannock_xom_greatest_gift,
          mainiacjoe_overflow_alcove_4, nicolae_overflow_hidden_temple,
          gammafunk_ghost_nasty_kobolds, uniq_prince_ribbit1,
          uniq_crazy_yiuf_cottage
D:8:      cheibrodos_grave_circle, layout_cave_pools, dpeg_oklobed_lair
D:9:      layout_basic, vehumet_crystals, lemuel_round_altar, uniq_maggie
Temple:   nicolae_temple_two_arcs

Skill      XL: |  1  2  3  4  5  6  7  8  9 |
---------------+----------------------------+-----
Dodging        | 3 4 5 |  5.0
Translocations | 4 5 6 7 9 |  9.8
Maces & Flails | 3 5 6 8 |  8.2
Spellcasting   | 3 |  3.0
Fighting       | 3 4 6 |  6.5
Polearms       | 2 |  2.3
Armour         | 2 3 5 |  5.0
Invocations    | 2 5 |  5.0
Throwing       | |  1.2

Action                   |  1- 3 |  4- 6 |  7- 9 | 10-12 || total
-------------------------+-------+-------+-------+-------++-------
Melee: Mace              |    43 |   171 |    35 |       ||   249
       Punch             |     1 |     2 |     4 |       ||     7
       Dagger            |    36 |    23 |       |       ||    59
       Flail             |       |       |   206 |    31 ||   237
       Spear             |       |       |     9 |       ||     9
Throw: Boomerang         |     2 |       |       |     5 ||     7
       Throwing net      |       |       |     5 |     2 ||     7
       Dart              |       |       |       |     1 ||     1
 Cast: Gell's Gravitas   |       |    24 |    24 |     8 ||    56
       Lesser Beckoning  |       |       |     2 |       ||     2
       Manifold Assault  |       |       |     7 |     3 ||    10
Invok: Minor Destruction |       |       |       |     1 ||     1
Evoke: Wand              |       |       |     4 |       ||     4
  Use: Potion            |     1 |     3 |     2 |     2 ||     8
       Scroll            |       |       |     8 |       ||     8
 Stab: Held in net/web   |       |       |     1 |       ||     1
Armor: Leather armour    |     7 |       |       |       ||     7
       Ring mail         |    30 |   122 |   103 |    41 ||   296
Dodge: Dodged            |    35 |    97 |   142 |    33 ||   307
